 Dungeon Crawl Stone Soup version 0.30.1-11-g7821555f0a (webtiles) character file.

Game seed: 9751513469911457712

30027 Sin92 the Spear-Bearer (level 13, -5/101 HPs)
             Began as a Demonspawn Fighter on Nov 6, 2023.
             Was the Champion of Okawaru.
             Slain by a skyshark (9 damage)
             ... on level 5 of the Lair of Beasts on Nov 7, 2023.
             The game lasted 00:24:49 (12177 turns).

Sin92 the Spear-Bearer (Demonspawn Fighter)        Turns: 12177, Time: 00:24:49

Health: -5/101     AC: 24    Str: 18    XL:     13   Next: 18%
Magic:  19/19      EV: 23    Int: 11    God:    Okawaru [******]
Gold:   566        SH:  7    Dex: 24    Spells: 12/12 levels left

rFire   . . .        F - +6 trident of the Forsaken Nightcaps {flame, rPois SInv Stlth+}
rCold   . . .        c - +0 buckler
rNeg    . . .        K - +0 steam dragon scales
rPois   +            N - +2 hat {SInv}
rElec   +            u - +2 cloak
rCorr   .            o - +2 pair of gloves
SInv    +            t - +1 pair of boots of Card Tricks {rElec Regen+ Dex+3 Stlth-}
Will    .....        (no amulet)
Stlth   +++          D - +6 ring of dexterity
HPRegen 1.16/turn    I - +5 ring of evasion
MPRegen 0.16/turn

%: no passive effects
@: about to teleport, sanguine armoured
A: antennae 1, (demonic guardian 1), powered by death 2, sanguine armour 1
a: Renounce Religion, Heroism, Finesse, Duel


You were on level 5 of the Lair of Beasts.
You worshipped Okawaru.
Okawaru was exalted by your worship.
You visited 3 branches of the dungeon, and saw 15 of its levels.

You collected 566 gold pieces.

Inventory:

Hand Weapons
 a - a +0 war axe of freezing
 F - the +6 trident of the Forsaken Nightcaps (weapon) {flame, rPois SInv Stlth+}
   (You found it on level 4 of the Dungeon)

   rPois:     It protects you from poison.
   SInv:      It lets you see invisible.
   Stlth:     It makes you more stealthy.
 P - a +3 glaive of flaming
 R - the +8 whip "Snakebite" {venom, curare, rPois}
   (You found it on level 2 of the Lair of Beasts)

   rPois:     It protects you from poison.
Armour
 b - a +0 scale mail
 c - a +0 buckler (worn)
 g - a +0 chain mail
 j - a +0 cloak
 o - a +2 pair of gloves (worn)
 t - the +1 pair of boots of Card Tricks (worn) {rElec Regen+ Dex+3 Stlth-}
   (Okawaru gifted it to you on level 5 of the Lair of Beasts)

   Dex:       It affects your dexterity (+3).
   rElec:     It insulates you from electricity.
   Regen:     It increases your rate of health regeneration.
   Stlth:     It makes you less stealthy.
 u - a +2 cloak (worn)
 w - a +2 pair of boots
 E - a +0 pair of gloves
 K - +0 steam dragon scales (worn)
 N - a +2 hat of see invisible (worn)
Jewellery
 f - a +5 ring of evasion
 q - a ring of see invisible
 s - the amulet of the Air {Inacc Air Fly rElec RMsl}
   (You found it on level 2 of the Dungeon)

   [amulet of nothing]

   Inacc:     It reduces the accuracy of your attacks and spells.
   Air:       It enhances your air magic.
   rElec:     It insulates you from electricity.
   Fly:       It grants you flight.
   RMsl:      It protects you from missiles.
 D - a +6 ring of dexterity (left hand)
 I - a +5 ring of evasion (right hand)
 O - a ring of flight
Wands
 y - a wand of polymorph (8)
 L - a wand of roots (6)
 Q - a wand of flame (16)
Scrolls
 i - 6 scrolls of amnesia
 k - a scroll of poison
 n - 3 scrolls of teleportation
 p - a scroll of identify
 v - a scroll of brand weapon
 C - 2 scrolls of vulnerability
 G - 4 scrolls of magic mapping
 H - a scroll of fog
Potions
 d - a potion of lignification {unknown}
 e - 8 potions of mutation {unknown}
 h - 4 potions of haste
 l - 3 potions of brilliance
 m - a potion of attraction
 r - a potion of cancellation {unknown}
 z - 7 potions of curing
 A - 2 potions of berserk rage {unknown}
 B - a potion of magic
 J - a potion of ambrosia
 M - a potion of degeneration


   Skills:
 + Level 9.1 Fighting
 - Level 3.0(7.9) Axes
 + Level 3.0(3.6) Maces & Flails
 * Level 10.9(11.1) Polearms
 + Level 8.3 Armour
 + Level 7.8 Dodging
 + Level 4.9 Stealth
 + Level 8.3 Shields
 + Level 8.7 Invocations


You had 12 spell levels left.
You didn't know any spells.
Your spell library contained the following spells:

 Spells                   Type           Power      Damage    Failure   Level
 Sandblast                Erth           0%         2d4       38%         1
 Sting                    Tmut/Pois      0%         1d3       38%         1
 Ensorcelled Hibernation  Hex/Ice        0%         N/A       54%         2
 Passwall                 Tmut/Erth      0%         N/A       54%         2
 Poisonous Vapours        Pois/Air       0%         N/A       54%         2
 Ozocubu's Armour         Ice            0%         N/A       77%         3
 Stone Arrow              Conj/Erth      0%         3d7       77%         3
 Swiftness                Air            0%         N/A       77%         3
 Vhi's Electric Charge    Tloc/Air       0%         N/A       77%         3
 Olgreb's Toxic Radiance  Pois           0%         N/A       99%         4
 Arcjolt                  Conj/Air       0%         1d10      100%        5
 Ozocubu's Refrigeration  Ice            0%         4d7       100%        7
 Maxwell's Capacitive Co  Air            0%         ∞         100%        8


Dungeon Overview and Level Annotations

Branches:
Dungeon (9/15)             Temple (1/1) D:4            Lair (4/5) D:8
 Shoals (0/4) Lair:2       Spider (0/4) Lair:2
  Slime: Lair:4-5       Orc: D:9-12

Altars:
Ashenzari
Cheibriados
Dithmenos
Fedhas
Gozag
Hepliaklqana
Kikubaaqudgha
Makhleb
Nemelex Xobeh
Okawaru
Qazlal
Ru
Sif Muna
Trog
Uskayaw
Vehumet
Wu Jian
Xom
Yredelemnul

Shops:
D:7 (

Annotations:
D:9 Amaemon
Lair:5 1 runed translucent door


Innate Abilities, Weirdness & Mutations

You have a pair of small antennae on your head.
((A weak demonic guardian rushes to your aid.))
You regenerate health from kills.
When seriously injured, your blood forms armour. (AC +6)


Message History

The skyshark is moderately wounded.
The skyshark completely misses you. You block the skyshark's attack. x2
The skyshark bites you!! You block the skyshark's attack.
The skyshark barely misses you.
You hit the skyshark. You burn the skyshark.
The skyshark is moderately wounded.
The ice encasing you melts away. You block the skyshark's attack.
The skyshark tail-slaps you but does no damage.
The skyshark tail-slaps you.
Unknown command.
You puncture the skyshark! You burn the skyshark!
The skyshark is heavily wounded.
The skyshark bites you!!
* * * LOW HITPOINT WARNING * * *
You block the skyshark's attack. The skyshark completely misses you.
You puncture the skyshark! You burn the skyshark.
The skyshark is severely wounded.
You block the skyshark's attack. The skyshark closely misses you.
The skyshark barely misses you.
You hit the skyshark but do no damage.
The skyshark is severely wounded.
The skyshark bites you!
* * * LOW HITPOINT WARNING * * *
The skyshark misses you. The skyshark closely misses you.
Unknown command.
You barely miss the skyshark.
The skyshark is severely wounded.
You block the skyshark's attack. The skyshark closely misses you. x2
You puncture the skyshark! You burn the skyshark.
The skyshark is severely wounded.
The skyshark misses you. The skyshark completely misses you.
The skyshark closely misses you.
Unknown command.
Okay, then.
As you read the scroll of teleportation, it crumbles to dust.
You feel strangely unstable. You block the skyshark's attack.
The skyshark completely misses you. x2; The skyshark misses you.
You block the skyshark's attack. The skyshark tail-slaps you!
You die...

##$ #####..##
###. ###
##..#..## #.P†
##..#####.#...##
##(.
#....#...#.....#
##..
#....#.......P.#
#...
#...P..#..P.###
##.#
##..........#..#
###
#P.........(####
#...#..@l......
#P.....P.........
##...............
#.#.#.......... #
#####........
#..P...P.
......#..
#..##.###


You could see a skyshark (berserk).

Vanquished Creatures
  Gastronok (D:8)
  Snorg (Lair:3)
  2 hydras
  A boulder beetle (Lair:2)
  A skyshark (Lair:2)
  A lindwurm (Lair:5)
  A necromancer (Lair:2)
  A deep elf zephyrmancer (D:6)
  6 elephants (Lair:3)
  2 black mambas (Lair:2)
  10 torpor snails
  10 cane toads
  3 komodo dragons
  Maggie (D:7)
  4 rime drakes
  7 hornets (Lair:5)
  4 tyrant leeches (Lair:5)
  A blink frog (Lair:3)
  10 dream sheep (Lair:3)
  Grinder (D:5)
  A snapping turtle (Lair:2)
  3 wyverns
  23 yaks
  5 basilisks
  Grum (D:8)
  2 steam dragons
  9 water moccasins
  An ice beast (D:7)
  3 sky beasts
  3 black bears
  3 wolves (D:8)
  3 centaurs
  2 phantoms
  8 bullfrogs
  3 scorpions
  8 wights
  6 killer bees (D:7)
  A howler monkey (D:4)
  A jelly (D:6)
  2 hounds
  An iron imp (D:6)
  4 orc priests
  3 sleepcaps
  A gnoll bouda (D:6)
  An iguana (D:5)
  4 orc wizards
  Ijyb (D:3)
  5 polar bear simulacra (Lair:2)
  2 yak simulacra (Lair:2)
  2 wolf simulacra (Lair:2)
  9 gnolls
  14 adders
  A shadow imp (D:8)
  2 white imps
  An ufetubus (D:5)
  8 worms
  2 dart slugs
  10 orcs
  6 ball pythons
  7 bats
  5 endoplasms
  8 giant cockroaches
  6 goblins
  6 hobgoblins
  8 jackals
  5 kobolds
  4 quokkas
  2 frilled lizards (D:1)
  A goblin zombie (D:6)
  4 hobgoblin zombies (D:6)
  4 orc skeletons (D:6)
  2 orc zombies (D:6)
  10 rats
  2 river rat simulacra (Lair:2)
307 creatures vanquished.

Notes
Turn   | Place    | Note
-------+----------+-------------------------------------------
     0 | D:1      | Sin92 the Demonspawn Fighter began the quest for the Orb.
     0 | D:1      | Reached XP level 1. HP: 18/18 MP: 1/1
   243 | D:1      | Gained mutation: When seriously injured, your blood forms
                  | armour. (AC +6) [demonic ancestry]
   243 | D:1      | Reached XP level 2. HP: 19/24 MP: 2/2
   694 | D:2      | Gained mutation: You have a pair of small antennae on your
                  | head. [demonic ancestry]
   694 | D:2      | Reached XP level 3. HP: 29/29 MP: 3/3
   855 | D:2      | Found the amulet of the Air {Inacc Air Fly rElec RMsl}
   949 | D:2      | Reached skill level 1 in Dodging
  1506 | D:3      | Noticed Ijyb
  1533 | D:3      | Killed Ijyb
  1534 | D:3      | Reached XP level 4. HP: 26/35 MP: 4/4
  1831 | D:3      | Found a blossoming altar of Fedhas.
  2314 | D:4      | Found a staircase to the Ecumenical Temple.
  2338 | D:4      | Identified the +6 trident of the Forsaken Nightcaps {flame,
                  | rPois SInv Stlth+}
  2352 | Temple   | Entered the Ecumenical Temple
  2368 | Temple   | Became a worshipper of Warmaster Okawaru
  2443 | D:4      | Identified the +2 leather armour of Imperfection {rCorr}
  2454 | D:4      | Found an opulent altar of Gozag.
  2495 | D:4      | Reached XP level 5. HP: 41/41 MP: 5/5
  2553 | D:4      | Noticed a phantom
  2558 | D:4      | Killed a phantom
  2559 | D:4      | Reached skill level 1 in Polearms
  2785 | D:4      | Gained mutation: A weak demonic guardian rushes to your
                  | aid. [demonic ancestry]
  2785 | D:4      | Reached XP level 6. HP: 48/48 MP: 6/6
  2942 | D:5      | Entered Level 5 of the Dungeon
  2995 | D:5      | Reached * piety under Okawaru
  2996 | D:5      | Reached skill level 2 in Polearms
  3083 | D:5      | Noticed Grinder
  3111 | D:5      | Paralysed by Grinder for 2 turns
  3114 | D:5      | Killed Grinder
  3114 | D:5      | Reached ** piety under Okawaru
  3115 | D:5      | Reached skill level 3 in Polearms
  3115 | D:5      | Reached XP level 7. HP: 42/54 MP: 7/7
  3411 | D:5      | Found a shimmering blue altar of Sif Muna.
  3462 | D:5      | Noticed a moth of wrath
  3468 | D:5      | Found a bloodstained altar of Trog.
  3525 | D:5      | Reached skill level 4 in Polearms
  3672 | D:6      | Reached XP level 8. HP: 58/59 MP: 8/8
  3780 | D:6      | Reached *** piety under Okawaru
  3781 | D:6      | Reached skill level 5 in Fighting
  3913 | D:6      | Noticed a deep elf zephyrmancer
  3918 | D:6      | Killed a deep elf zephyrmancer
  3918 | D:6      | Reached **** piety under Okawaru
  3919 | D:6      | Reached skill level 5 in Polearms
  3919 | D:6      | Reached skill level 5 in Armour
  4187 | D:6      | Reached skill level 5 in Shields
  4326 | D:6      | Found a hazy altar of Hepliaklqana.
  4431 | D:6      | Gained mutation: You regenerate a little health from kills.
                  | [demonic ancestry]
  4431 | D:6      | Reached XP level 9. HP: 44/68 MP: 9/9
  4774 | D:7      | Reached skill level 6 in Polearms
  5045 | D:7      | Found Noshrakk's Weapon Emporium.
  5150 | D:7      | Noticed Maggie
  5160 | D:7      | Killed Maggie
  5161 | D:7      | Reached skill level 1 in Invocations
  5603 | D:7      | Reached skill level 5 in Dodging
  5829 | D:8      | Reached ***** piety under Okawaru
  5830 | D:8      | Reached skill level 7 in Polearms
  5830 | D:8      | Found a staircase to the Lair.
  5840 | D:8      | Reached XP level 10. HP: 76/77 MP: 10/12
  6071 | D:8      | Noticed Grum
  6072 | D:8      | Noticed Gastronok
  6104 | D:8      | Killed Grum
  6125 | D:8      | Killed Gastronok
  6193 | D:8      | Received a gift from Okawaru
  6246 | D:8      | Found a snail-covered altar of Cheibriados.
  6837 | D:9      | Noticed Amaemon
  6843 | D:9      | Reached skill level 8 in Polearms
  6845 | D:9      | Noticed an orange demon
  6998 | Lair:1   | Entered Level 1 of the Lair of Beasts
  7128 | Lair:1   | Reached skill level 5 in Invocations
  7306 | Lair:1   | Received a gift from Okawaru
  7505 | Lair:1   | Noticed a torpor snail
  7518 | Lair:1   | Killed a torpor snail
  7519 | Lair:1   | Reached XP level 11. HP: 78/84 MP: 14/14
  7537 | Lair:1   | Found a snail-covered altar of Cheibriados.
  7968 | Lair:2   | Noticed a skyshark
  7991 | Lair:2   | Killed a skyshark
  7992 | Lair:2   | Reached skill level 1 in Stealth
  8192 | Lair:2   | Reached skill level 9 in Polearms
  8498 | Lair:2   | Reached ****** piety under Okawaru
  8517 | Lair:2   | Identified the +3 trident of Honour {drain, +Blink Int+3}
                  | (Okawaru gifted it to you on level 2 of the Lair of Beasts)
  8517 | Lair:2   | Received a gift from Okawaru
  8761 | Lair:2   | Noticed a seven-headed hydra
  8773 | Lair:2   | Killed a seven-headed hydra
  8919 | Lair:2   | Found a hole to the Spider Nest.
  8920 | Lair:2   | Noticed a boulder beetle
  9027 | Lair:2   | Killed a boulder beetle
  9404 | Lair:2   | Found a staircase to the Shoals.
  9470 | Lair:2   | Noticed a necromancer
  9477 | Lair:2   | Killed a necromancer
  9478 | Lair:2   | Reached XP level 12. HP: 93/93 MP: 17/17
  9729 | Lair:2   | Found the +8 whip "Snakebite" {venom, curare, rPois}
  9967 | Lair:3   | Identified the +4 ring mail of the Snake Pit {rF+} (Okawaru
                  | gifted it to you on level 3 of the Lair of Beasts)
  9967 | Lair:3   | Received a gift from Okawaru
  9979 | Lair:3   | Reached skill level 10 in Polearms
  9979 | Lair:3   | Noticed a five-headed hydra
 10345 | Lair:3   | Reached skill level 1 in Maces & Flails
 10423 | Lair:3   | Killed a five-headed hydra
 10616 | Lair:3   | Noticed Snorg
 10634 | Lair:3   | Killed Snorg
 11473 | Lair:4   | You fall into a shaft and drop 1 floor!
 11473 | Lair:5   | Entered Level 5 of the Lair of Beasts
 11473 | Lair:5   | Noticed a death yak
 11473 | Lair:5   | Noticed a seven-headed hydra
 11481 | Lair:5   | Found a runed translucent door.
 11706 | Lair:5   | Identified the +1 pair of boots of Card Tricks {rElec
                  | Regen+ Dex+3 Stlth-} (Okawaru gifted it to you on level 5
                  | of the Lair of Beasts)
 11706 | Lair:5   | Received a gift from Okawaru
 11824 | Lair:5   | Paralysed by a hornet for 2 turns
 11833 | Lair:5   | Gained mutation: You regenerate health from kills. [demonic
                  | ancestry]
 11833 | Lair:5   | Reached XP level 13. HP: 78/100 MP: 19/19
 11890 | Lair:5   | HP: 4/101 [torpor snail (10)]
 12174 | Lair:5   | HP: 1/101 [skyshark (14)]
 12177 | Lair:5   | Slain by a skyshark

Illustrated notes

Levels and vault maps discovered:
D:1:      dpeg_arrival_long_road, layout_basic, minivault_24
D:2:      layout_basic
D:3:      layout_loops_ring, fedhas_altar_3, uniq_ijyb
D:4:      layout_basic, grunt_gozag_statues, minmay_temple_entry_tees
D:5:      layout_rooms, tgw_trog, kennysheep_mini_moat, uniq_grinder
D:6:      layout_rooms, general_overflow_altar, nicolae_tso_besieged_by_evil,
          guppyfry_early_elven_hall
D:7:      layout_basic, serial_shops, shop, minivault_24,
          minmay_stone_trees_medium, uniq_maggie
D:8:      layout_loops_corners, cheibrodos_worm_habitat, david_lair_generic,
          dk_noncrumbling_4, chequers_arboretum, uniq_grum, uniq_gastronok
D:9:      layout_rooms, david_orc_4, uniq_amaemon
Temple:   nicolae_temple_no_exploring_needed
Lair:1:   layout_regular_city, kennysheep_snail_temple,
          infiniplex_staircase_pool, lemuel_fruit_fields, lemuel_fruit_tree
Lair:2:   minmay_guarded_unrand_snakebite, layout_long_grid,
          minmay_shoals_entry_hut, nicolae_spider_entry_non_spiders,
          eino_house_with_fridge, grunt_megastairs_5
Lair:3:   layout_chaotic_city, st_stairs_3, uniq_snorg
Lair:4:   nzn_winding_woodlands_large [nzn_winding_woodlands_hourglass,
          nzn_winding_woodlands_5x15_eye, nzn_winding_woodlands_5x5_cross,
          nzn_winding_woodlands_center_diamonds,
          nzn_winding_woodlands_15x15_killbox,
          nzn_winding_woodlands_center_garden,
          nzn_winding_woodlands_5x5_perimeter, nzn_winding_woodlands_5x15_cabin,
          nzn_winding_woodlands_5x5_closed_star], layout_gridlike,
          serial_bayou_shore_b
Lair:5:   wormcave, layout_cave_pods, hangedman_lair_in_review,
          nicolae_slime_entry_field_trip, serial_bayou_shore_b

Skill      XL: |  1  2  3  4  5  6  7  8  9 10 11 12 13 |
---------------+----------------------------------------+-----
Axes           | 2 3 |  3.0
Armour         | 3 4 5 6 7 8 |  8.3
Dodging        | 1 2 3 4 5 6 7 |  7.8
Shields        | 3 4 5 6 7 8 |  8.3
Polearms       | 1 3 4 5 7 8 9 10 | 10.9
Fighting       | 4 5 6 7 8 9 |  9.1
Invocations    | 2 5 7 8 |  8.7
Stealth        | 3 4 |  4.9
Maces & Flails | 2 3 |  3.0

Action                     |  1- 3 |  4- 6 |  7- 9 | 10-12 | 13-15 || total
---------------------------+-------+-------+-------+-------+-------++-------
  Melee: War axe           |   128 |    40 |       |       |       ||   168
         Unarmed           |    20 |       |       |       |       ||    20
         Trident           |       |    71 |   245 |   823 |   107 ||  1246
 Invoke: Heroism           |       |       |     1 |     1 |       ||     2
    Use: Potion            |       |       |     4 |     1 |     3 ||     8
         Scroll            |       |       |    16 |     6 |     1 ||    23
   Stab: Sleeping          |       |       |       |    16 |     1 ||    17
 Armour: Scale mail        |    43 |       |       |       |       ||    43
         Chain mail        |    50 |    76 |   149 |    12 |       ||   287
         Skin              |     4 |       |       |       |       ||     4
         Steam dragon scal |       |       |       |   212 |    25 ||   237
  Dodge: Dodged            |    62 |    29 |   117 |   662 |   117 ||   987
  Block: Buckler           |    35 |    16 |    67 |   267 |    46 ||   431
